 Dungeon Crawl Stone Soup version 0.16.0-11-gd45b091 (console) character file.

21 gw the Ducker (level 2, -1/16 HPs)
             Began as a Spriggan Monk on Mar 17, 2015.
             Slain by a gnoll
             ... wielding a +0 spear
              (10 damage)
             ... on level 2 of the Dungeon.
             The game lasted 00:00:58 (932 turns).

gw the Ducker (Spriggan Monk)                        Turns: 932, Time: 00:00:58

Health: -1/16      AC:  2    Str:  7    XL:     2   Next: 65%
Magic:  4/4        EV: 20    Int: 11    God:
Gold:   129        SH:  0    Dex: 18    Spells: 0 memorised, 1 level left

rFire  . . .     SeeInvis +       - Unarmed
rCold  . . .     Clarity  .     a - +0 robe
rNeg   . . .     SustAb   .     (shield restricted)
rPois  .         Gourm    .     (helmet restricted)
rElec  .         Spirit   .     (no cloak)
rCorr  .         Warding  .     (gloves unavailable)
rMut   .         Stasis   .     (boots unavailable)
MR     .....                    (no amulet)
Stlth  +++.......               (no ring)
                                (no ring)

@: very quick, not resistant to hostile enchantments, fairly stealthy
A: unfitting armour, see invisible, herbivore 3, speed 3, slow metabolism 2
a: no special abilities


You were on level 2 of the Dungeon.
You were not hungry.

You visited 1 branch of the dungeon, and saw 2 of its levels.

You collected 129 gold pieces.

Inventory:

Missiles
 f - 84 stones (quivered)
 j - 20 sling bullets
Armour
 a - a +0 robe (worn)
Comestibles
 b - 4 bread rations
 i - a slice of pizza


   Skills:
 + Level 2.7 Fighting
 + Level 4.9 Dodging
 - Level 3.0 Stealth
 * Level 3.5 Unarmed Combat


You had one spell level left.
You didn't know any spells.

Dungeon Overview and Level Annotations

Branches:
Dungeon (2/15)

Altars:


Innate Abilities, Weirdness & Mutations

You are tiny and cannot use many weapons and most armour.
You have supernaturally acute eyesight.
You are a herbivore.
You cover ground extremely quickly.
You need consume almost no food.


Message History

The hobgoblin closely misses you.
Unknown command.
Unknown command.
Unknown command.
Unknown command.
ATTACK MOVE TO (-1,-1)
You barely miss the hobgoblin.
The hobgoblin is heavily wounded.
The gnoll completely misses you.
A kobold comes into view. It is wielding a dagger.
Unknown command.
Unknown command.
Unknown command.
Unknown command.
ATTACK MOVE TO (-1,-1)
You hit the hobgoblin!
You kill the hobgoblin!
The bat closely misses you. The gnoll hits you with a spear!
Ouch! That really hurt!
You die...

#.# . #?# #.###.#
.......# ...K....#
........#
.?...ggg#
....g..bg#
........i#
####...#.# #.. #.#
#. #.# # #.# #.#
#.# #.#
################.#


You could see 4 gnolls, a hobgoblin, a bat and a kobold.

Table legend:
 A = Turns spent in this place as a percentage of turns spent in the entire game.
 B = Non-inter-level travel turns spent in this place as a percentage of non-inter-level travel turns spent in the entire game.
 C = Inter-level travel turns spent in this place as a percentage of turns spent in this place.
 D = Turns resting spent in this place as a percentage of non-inter-level travel turns spent in this place.
 E = Turns spent auto-exploring this place as a percentage of non-inter-level travel turns spent in this place.
 F = Non-inter-level travel turns spent in this place divided by the number of levels of this place that you've seen.
                   A       B       C       D       E      F
               +-------+-------+-------+-------+-------+----------------------
         Total | 100.0 | 100.0 |   0.2 |   0.5 |   2.6 | 950.5
       Dungeon | 100.0 | 100.0 |   0.2 |   0.5 |   2.6 | 950.5
               +-------+-------+-------+-------+-------+----------------------

Table legend:
 A = Kills in this place as a percentage of kills in entire the game.
 B = Kills by you in this place as a percentage of kills by you in the entire game.
 C = Kills by friends in this place as a percentage of kills by friends in the entire game.
 D = Other kills in this place as a percentage of other kills in the entire game.
 E = Experience gained in this place as a percentage of experience gained in the entire game.
 F = Experience gained in this place divided by the number of levels of this place that you have seen.
                   A       B       C       D       E      F
               +-------+-------+-------+-------+-------+----------------------
         Total | 100.0 | 100.0 |  -nan |  -nan | 100.0 |  15.5
       Dungeon | 100.0 | 100.0 |  -nan |  -nan | 100.0 |  15.5
               +-------+-------+-------+-------+-------+----------------------

Vanquished Creatures
  A giant cockroach (D:1)
  4 hobgoblins
  2 jackals (D:1)
  3 bats (D:1)
  A giant newt (D:2)
  6 kobolds (D:1)
  3 rats (D:1)
20 creatures vanquished.

Notes
Turn   | Place    | Note
--------------------------------------------------------------
     0 | D:1      | gw, the Spriggan Monk, began the quest for the Orb.
     0 | D:1      | Reached XP level 1. HP: 11/11 MP: 2/2
   226 | D:1      | Reached XP level 2. HP: 14/16 MP: 4/4
   932 | D:2      | Slain by a gnoll

Action                   || total
-------------------------++-------
Melee: Unarmed           ||    46
  Use: Potion            ||     6
       Scroll            ||     4

Vault maps used:
D:1:      saegor_arrival_simple_c
D:2:      first_bread
